 Dungeon Crawl Stone Soup version 0.17.2-1-ge4368a0 (webtiles) character file.

219 ololoev the Skirmisher (level 5, -9/42 HPs)
             Began as a Demonspawn Fighter on Oct 26, 2016.
             Mangled by a crocodile (14 damage)
             ... in a sewer.
             The game lasted 00:05:14 (821 turns).

ololoev the Skirmisher (Demonspawn Fighter)          Turns: 821, Time: 00:05:14

Health: -9/42      AC: 13    Str: 23    XL:     5   Next: 63%
Magic:  5/5        EV:  9    Int:  9    God:
Gold:   92         SH:  0    Dex: 11    Spells: 0 memorised, 4 levels left

rFire  . . .     SeeInvis .     a - +0 war axe
rCold  . . .     Clarity  .     b - +0 scale mail
rNeg   . . .     SustAt   .     (no shield)
rPois  .         Gourm    .     (helmet restricted)
rElec  .         Spirit   .     (no cloak)
rCorr  .         Warding  .     f - +0 pair of gloves
rMut   .         Stasis   .     h - +0 pair of boots
MR     .....                    (no amulet)
Stlth  ..........               (no ring)
                                (no ring)

@: mighty, not resistant to hostile enchantments, extremely unstealthy
A: horns 1, rough black scales 1, powered by death 1
a: no special abilities


Innate Abilities, Weirdness & Mutations

You have a pair of small horns on your head.
You are partially covered in rough black scales (AC +4, Dex -1).
You regenerate a little health from kills.

Inventory:

Hand Weapons
 a - a +0 war axe (weapon)
Armour
 b - a +0 scale mail (worn)
 f - a +0 pair of gloves (worn)
 h - a +0 pair of boots (worn)
Scrolls
 g - a scroll of enchant armour {unknown}
 i - a scroll of amnesia {unknown}
 j - 3 scrolls of random uselessness {unknown}
 k - a scroll of remove curse {unknown}
 l - 2 scrolls of fear {unknown}
Potions
 m - a potion of brilliance {unknown}
 n - a potion of degeneration {unknown}
Comestibles
 c - a slice of pizza
 e - 3 bread rations


   Skills:
 + Level 4.2 Fighting
 * Level 4.0 Axes
 + Level 3.6 Armour
   Level 2.6 Shields


You had 4 spell levels left.
You didn't know any spells.
You were in a sewer. You were not hungry. You visited 1 branch of the dungeon, and saw 6 of its levels. You also visited: Sewer. You collected 92 gold pieces. #..≈# .≈.# #..## #.≈# #.≈# ..# #..# .# #.≈## .# #...# ..# ##..## ..# #..≈#...# ##.@.≈.# #.t.≈.# ##≈..## #.≈.# .#.#≈ ( .#($ # ## ##

Notes
Turn   | Place    | Note
--------------------------------------------------------------
     0 | D:1      | ololoev the Demonspawn Fighter began the quest for the Orb.
     0 | D:1      | Reached XP level 1. HP: 18/18 MP: 1/1
   171 | D:2      | Gained mutation: You regenerate a little health from kills. [demonic ancestry]
   171 | D:2      | Reached XP level 2. HP: 10/24 MP: 2/2
   330 | D:2      | Gained mutation: You have a pair of small horns on your head. [demonic ancestry]
   330 | D:2      | Reached XP level 3. HP: 26/29 MP: 3/3
   346 | D:3      | Noticed Jessica
   365 | D:3      | Killed Jessica
   365 | D:3      | Reached XP level 4. HP: 28/36 MP: 4/4
   374 | D:3      | Found a shadowy altar of Dithmenos.
   495 | D:3      | Noticed Terence
   508 | D:3      | Killed Terence
   508 | D:3      | Gained mutation: You are partially covered in rough black scales (AC +4, Dex -1). [demonic ancestry]
   508 | D:3      | Reached XP level 5. HP: 39/42 MP: 5/5
   525 | D:3      | Reached skill level 4 in Fighting
   543 | D:5      | Entered Level 5 of the Dungeon
   543 | D:5      | Found Gozag's Platinum Reserve.
   543 | D:5      | Found an opulent altar of Gozag.
   716 | D:5      | Found a glowing drain.
   760 | Sewer    | Entered a sewer
   821 | Sewer    | Mangled by a crocodile

Dungeon Overview and Level Annotations

Branches:
Dungeon (6/15)
 Temple: D:4-7

Altars:
Dithmenos
Gozag

Shops:
D:5 *


Message History

a short sword; 2 stones; a kobold corpse; a kobold corpse
Found a potion of blood and a lumpy inky potion.
You see here a potion of blood.
You feel less regenerative.
n - a lumpy inky potion You see here a potion of blood.
You enter the shallow water.
Moving in this stuff is going to be slow.
You enter the shallow water.
Moving in this stuff is going to be slow.
Drink which item? (? for menu, Esc to quit)
Okay, then.
A crocodile comes into view.
Found 16 stones and 15 gold pieces.
Drink which item? (? for menu, Esc to quit)
You feel very mighty all of a sudden.
Found 11 stones.
You slash the crocodile!
The crocodile is moderately wounded.
The crocodile bites you! x2
You closely miss the crocodile.
The crocodile is moderately wounded.
The crocodile closely misses you.
You barely miss the crocodile. Your headbutt misses the crocodile.
The crocodile is moderately wounded.
The crocodile bites you but does no damage.
You slash the crocodile!
The crocodile is severely wounded.
The crocodile bites you!
The crocodile bites you but does no damage.
You closely miss the crocodile.
The crocodile is severely wounded.
The crocodile bites you.
You hit the crocodile.
The crocodile is almost dead.
The crocodile bites you.
Your scale mail prevents you from hitting the crocodile.
The crocodile is almost dead.
The crocodile bites you!
You die...

You could see a crocodile.

Vanquished Creatures
  A hound (D:5)
  2 orc wizards (D:3)
  Jessica (D:3)
  Terence (D:3)
  An adder (D:2)
  2 worms
  An adder skeleton (D:3)
  A giant gecko (D:5)
  14 orcs
  5 giant cockroaches (D:5)
  3 goblins
  4 hobgoblins
  2 jackals (Sewer)
  A quokka (D:5)
  4 bats
  A giant newt (D:2)
  5 kobolds
  A quokka skeleton (D:4)
  2 rats (D:1)
52 creatures vanquished.

Action                   |  1- 3 |  4- 6 || total
-------------------------+-------+-------++-------
Melee: War axe           |    70 |   105 ||   175
  Use: Potion            |       |     1 ||     1

Vault maps used:
D:1:      denvon_arrival_planthouse, minmay_strange_pillars
D:2:      minmay_door_path, good_gods_temple_1, nrook_mini_backslash
D:3:      nicolae_dithmenos_shadow_blocks, uniq_terence,
          uniq_crazy_yiuf_cottage, uniq_jessica, uniq_sigmund
D:4:      uniq_menkaure
D:5:      black_bear_nest_1, nicolae_gozag_zags_fifth_avenue,
          portal_sewer_entry_f, first_bread, serial_shops, shop_fountains,
          minmay_misc_feat_more_columns
D:6:      minmay_temple_entry_butterflies
Sewer:    sewer_the_crocodile
